 Dungeon Crawl Stone Soup version 0.27-a0-1006-g1fd4cec11e (webtiles) character file.

Game seed: 1310168374752844251

36277 vurker the Thaumaturge (level 13, -14/104 HPs)
             Began as a Djinni Air Elementalist on Apr 17, 2021.
             Demolished by a komodo dragon (15 damage)
             ... while petrified by a basilisk
             ... on level 6 of the Lair of Beasts.
             The game lasted 00:23:42 (20176 turns).

vurker the Thaumaturge (Djinni Air Elementalist)   Turns: 20176, Time: 00:23:43

Health: -14/104    AC:  8    Str:  7    XL:     13   Next: 89%
Gold:   899        EV:  2    Int: 28    God:
                   SH:  0    Dex: 14

rFire    + + .     SeeInvis .   j - +1 short sword (protect)
rCold    x . .     Faith    .   (no shield)
rNeg     + + +     Spirit   .   E - +1 robe {Archmagi}
rPois    ∞         Reflect  .   H - +2 helmet
rElec    .         Harm     .   l - +1 cloak
rCorr    .         Rampage  .   (no gloves)
Will     +....                  (boots unavailable)
Stlth    ++........             n - amulet of regeneration
HPRegen  1.27/turn              q - +6 ring of intelligence
MPRegen  0.00/turn              C - +4 ring of evasion

@: petrified, flying, studying Fighting
A: fire resistance 2, cold vulnerability 1, float, innate caster, hp casting,
extra vitality 1
a: no special abilities


You were on level 6 of the Lair of Beasts.
You visited 2 branches of the dungeon, and saw 17 of its levels.

You collected 899 gold pieces.

Inventory:

Hand Weapons
 j - a +1 short sword of protection (weapon)
   (You took it off Terence on level 2 of the Dungeon)
Missiles
 A - 4 throwing nets
Armour
 l - a +1 cloak (worn)
   (You found it on level 5 of the Dungeon)
 o - a +2 helmet
   (You found it on level 3 of the Lair of Beasts)
 E - a +1 robe of the Archmagi (worn)
   (You took it off Blork the orc on level 4 of the Dungeon)
 H - a +2 helmet (worn)
   (You took it off Robin on level 4 of the Dungeon)
Magical Staves
 D - a staff of conjuration
   (You found it on level 11 of the Dungeon)
Jewellery
 m - a ring of resist corrosion
   (You found it on level 5 of the Dungeon)
 n - an amulet of regeneration (around neck)
   (You found it on level 8 of the Dungeon)
 q - a +6 ring of intelligence (left hand)
   (You found it on level 10 of the Dungeon)
 C - a +4 ring of evasion (right hand)
   (You found it on level 7 of the Dungeon)
 K - a ring of protection from fire
   (You found it on level 7 of the Dungeon)
Wands
 d - a wand of iceblast (44)
   (You found it on level 4 of the Dungeon)
 t - a wand of flame (20)
   (You found it on level 4 of the Lair of Beasts)
 u - a wand of paralysis (4)
   (You found it on level 10 of the Dungeon)
 v - a wand of digging (3)
   (You found it on level 8 of the Dungeon)
 x - a wand of acid (2)
   (You found it on level 10 of the Dungeon)
 y - a wand of charming (8)
   (You found it on level 5 of the Dungeon)
Scrolls
 a - 2 scrolls of fog
 b - 2 scrolls of blinking
 c - 2 scrolls of brand weapon
 e - 3 scrolls of teleportation
 f - 4 scrolls of enchant armour
 k - a scroll of holy word
 p - 3 scrolls of enchant weapon
 r - 4 scrolls of magic mapping
 J - a scroll of identify
Potions
 g - 4 potions of brilliance
 h - 4 potions of lignification
 i - 4 potions of haste
 s - 6 potions of curing
 w - a potion of cancellation
 z - a potion of flight {unknown}
 B - a potion of berserk rage {unknown}
 F - 4 potions of mutation
 G - 3 potions of attraction {unknown}
 I - 4 potions of ambrosia


   Skills:
 + Level 13.9 Fighting
 + Level 11.4 Dodging
 - Level 1.5 Stealth
 * Level 14.3 Spellcasting


You had 7 spell levels left.
You knew the following spells:

 Your Spells              Type           Power      Damage    Failure   Level
a - Shock                 Conj/Air       100%       1d9       0%          1
b - Lightning Bolt        Conj/Air       50%        1d71      1%          5
c - Airstrike             Air            50%        N/A       1%          4
d - Swiftness             Air            100%       N/A       1%          3
e - Beastly Appendage     Tmut           100%       N/A       0%          1
f - Call Imp              Summ           100%       N/A       0%          2
g - Teleport Other        Tloc           100%       N/A       1%          3
h - Ozocubu's Armour      Ice            100%       N/A       1%          3
i - Leda's Liquefaction   Hex/Erth       50%        N/A       1%          4
q - Irradiate             Conj/Tmut      50%        3d30      1%          5
x - Static Discharge      Conj/Air       100%       N/A       0%          2
Your spell library was empty.

Dungeon Overview and Level Annotations

Branches:
Dungeon (11/15)            Temple (0/1) D:7            Lair (6/6) D:9
  Swamp (0/4) Lair:4       Spider (0/4) Lair:3          Orc (0/2) D:11
  Slime: Lair:5-6

Altars:
Ashenzari
Cheibriados
Dithmenos
Elyvilon
Gozag
Sif Muna
Trog
Vehumet

Shops:
D:5 !

Annotations:
D:9 3 runed translucent doors, Thantalas's ghost, novice MiBe; emiel's ghost, journeyman DjWn; polve's ghost, novice DrTm
D:10 1 runed translucent door, Thantalas's ghost, journeyman DsBe


Innate Abilities, Weirdness & Mutations

You are immune to poison.
Your flesh is very heat resistant. (rF++)
You are vulnerable to cold. (rC-)
You float through the air rather than walking.
You learn spells naturally, not from books.
Your magical power is your life essence.
You have superior vitality. (+4 HP)


Message History

The komodo dragon closely misses you.
Aim: a komodo dragon (lightly wounded)
You feel a surge of power!
The air twists around and strikes the komodo dragon!
The basilisk hisses angrily.
The komodo dragon closely misses you.
Aim: a komodo dragon (heavily wounded)
You feel a surge of power!
The air twists around and strikes the komodo dragon!!
The komodo dragon bites you!
You can't go up here!
Unknown command.
The water moccasin bites you but does no damage.
The basilisk gazes at you.
You are slowing down.
The komodo dragon closely misses you. The water moccasin misses you.
You fly downwards.
You have turned to stone.
The komodo dragon bites you. The water moccasin bites you.
The water moccasin bites you but does no damage.
The komodo dragon completely misses you.
The water moccasin bites you but does no damage.
The komodo dragon bites you. The water moccasin bites you!
The water moccasin bites you but does no damage.
The komodo dragon bites you!!
* * * LOW HITPOINT WARNING * * *
The water moccasin bites you.
* * * LOW HITPOINT WARNING * * *
The komodo dragon bites you!!
* * * LOW HITPOINT WARNING * * *
The water moccasin bites you.
* * * LOW HITPOINT WARNING * * *
Your magical contamination has completely faded away.
The water moccasin bites you but does no damage.
The komodo dragon barely misses you. The water moccasin bites you.
* * * LOW HITPOINT WARNING * * *
The komodo dragon bites you!!
* * * LOW HITPOINT WARNING * * *
The water moccasin bites you but does no damage.
The komodo dragon bites you!!
* * * LOW HITPOINT WARNING * * *
The water moccasin bites you but does no damage.
The water moccasin bites you.
* * * LOW HITPOINT WARNING * * *
The komodo dragon bites you!!
* * * LOW HITPOINT WARNING * * *
The water moccasin bites you.
* * * LOW HITPOINT WARNING * * *
The komodo dragon bites you!!
You die...

.###....#
P#.###########.....P..
P.....lS†......... ....
#.@..# #....###...
#P..## ........### ##..#
###...##..#.#
...###.P###.#..#......#
................+.......
...........#.P....#....#
...#..#....##P...###.#..
....###....##P....#..#..
... #...####......##..


You could see a komodo dragon and a water moccasin.

Vanquished Creatures
  Snorg (D:10)
  Harold (D:8)
  5 hydras
  2 two-headed ogres
  Urug (D:10)
  Pikel (D:3)
  A deep elf pyromancer (D:7)
  A cyclops (D:7)
  2 manticores
  2 black mambas
  An elephant (Lair:1)
  A gargoyle (D:11)
  A kobold demonologist (D:7)
  3 rime drakes
  10 cane toads
  7 komodo dragons
  An unseen horror (D:7)
  Psyche (D:8)
  5 polar bears (Lair:2)
  3 meliai
  A troll (D:7)
  A jumping spider (Lair:3)
  A queen bee (Lair:4)
  3 blink frogs (Lair:6)
  A tyrant leech (Lair:4)
  Sigmund (D:4)
  2 shadows (D:10)
  A spriggan (Lair:1)
  2 redbacks (Lair:3)
  9 wyverns
  4 basilisks
  2 wraiths
  3 vampire mosquitoes (D:11)
  23 yaks
  A swamp worm (Lair:4)
  14 water moccasins
  Duvessa (D:4)
  2 ice beasts
  4 orc warriors (D:11)
  A hornet zombie (D:7)
  4 sky beasts
  3 black bears (D:9)
  5 ogres
  12 wolves
  6 centaurs
  A phantom (D:4)
  3 lemures
  Blork the orc (D:4)
  A kobold brigand (D:8)
  12 bullfrogs
  2 wyvern zombies (D:8)
  3 scorpions
  Dowan (D:3)
  A water moccasin zombie (D:5)
  38 killer bees
  6 wights
  2 electric eels (D:8)
  A bullfrog zombie (D:6)
  3 centaur zombies
  2 hounds
  An iron imp (D:7)
  3 jellies
  Crazy Yiuf (D:6)
  9 orc priests
  2 iguanas
  Terence (D:2)
  13 orc wizards
  A hound skeleton (D:5)
  Robin (D:4)
  3 gnolls (D:2)
  6 adders
  A shadow imp (D:8)
  A white imp (D:7)
  2 ufetubi
  4 dart slugs
  36 orcs
  7 ball pythons
  3 bats
  6 endoplasms
  7 giant cockroaches
  16 goblins
  10 hobgoblins
  4 jackals (D:3)
  13 kobolds
  7 quokkas
  3 frilled lizards (D:1)
  A quokka skeleton (D:4)
  5 rats
401 creatures vanquished.

Vanquished Creatures (others)
  A bush (Lair:2)
  9 fungi
  75 plants
85 creatures vanquished.

Grand Total: 486 creatures vanquished

Notes
Turn   | Place    | Note
-------+----------+-------------------------------------------
     0 | D:1      | vurker the Djinni Air Elementalist began the quest for the
                  | Orb.
     0 | D:1      | Reached XP level 1. HP: 15/15 MP: 0/0
   432 | D:1      | Reached skill level 3 in Spellcasting
   432 | D:1      | Reached XP level 2. HP: 18/22 MP: 0/0
   814 | D:1      | Reached skill level 1 in Fighting
   835 | D:1      | Found a faded altar of an unknown god.
  1537 | D:2      | Reached XP level 3. HP: 25/27 MP: 0/0
  1537 | D:2      | Learned a level 1 spell: Beastly Appendage
  1556 | D:2      | Noticed Terence
  1559 | D:2      | Killed Terence
  2024 | D:2      | Reached XP level 4. HP: 32/33 MP: 0/0
  2345 | D:2      | Reached skill level 4 in Spellcasting
  2845 | D:3      | Reached XP level 5. HP: 36/38 MP: 0/0
  2845 | D:3      | Learned a level 2 spell: Call Imp
  3854 | D:3      | Found a bloodstained altar of Trog.
  4319 | D:4      | Noticed Sigmund
  4339 | D:3      | Reached XP level 6. HP: 14/46 MP: 0/0
  4560 | D:3      | Reached skill level 5 in Spellcasting
  4752 | D:4      | Noticed Pikel
  5073 | D:4      | Noticed Blork the orc
  5497 | D:4      | Killed Blork the orc
  5498 | D:4      | Reached XP level 7. HP: 38/51 MP: 0/0
  5498 | D:4      | Learned a level 3 spell: Teleport Other
  5622 | D:4      | Noticed Duvessa
  5624 | D:4      | Noticed Dowan
  5635 | D:4      | Killed Duvessa
  5677 | D:3      | Killed Dowan
  5678 | D:3      | Reached skill level 6 in Spellcasting
  5998 | D:3      | Killed Pikel
  5999 | D:3      | Reached skill level 5 in Fighting
  5999 | D:3      | Reached skill level 7 in Spellcasting
  5999 | D:3      | Reached XP level 8. HP: 23/59 MP: 0/0
  6243 | D:4      | Killed Sigmund
  6539 | D:4      | Found a shadowy altar of Dithmenos.
  6629 | D:4      | Noticed Robin
  6632 | D:4      | Killed Robin
  7017 | D:4      | Found an opulent altar of Gozag.
  7021 | D:4      | You are sucked into a shaft and drop 1 floor!
  7021 | D:5      | Entered Level 5 of the Dungeon
  7109 | D:5      | Reached skill level 8 in Spellcasting
  7531 | D:5      | Reached XP level 9. HP: 58/66 MP: 0/0
  7531 | D:5      | Learned a level 3 spell: Ozocubu's Armour
  7781 | D:5      | Found Vorozese's Distillery.
  8508 | D:6      | Identified the amulet of Yfoiggil {RegenMP rF+ Will- Int+7
                  | Stlth+}
  8769 | D:6      | Found a runed translucent door.
  8770 | D:6      | Noticed Crazy Yiuf
  9560 | D:6      | Killed Crazy Yiuf
  9561 | D:6      | Reached skill level 9 in Spellcasting
  9869 | D:7      | Found a staircase to the Ecumenical Temple.
 10382 | D:7      | Noticed a troll
 10386 | D:7      | Killed a troll
 10387 | D:7      | Reached XP level 10. HP: 58/75 MP: 0/0
 10537 | D:7      | Noticed a cyclops
 10541 | D:7      | Killed a cyclops
 10542 | D:7      | Reached skill level 5 in Dodging
 10561 | D:7      | HP: 3/76 [sky beast (6)]
 11065 | D:7      | Noticed a deep elf pyromancer
 11066 | D:7      | Noticed a kobold demonologist
 11069 | D:7      | Killed a deep elf pyromancer
 11070 | D:7      | Reached skill level 10 in Spellcasting
 11072 | D:7      | Killed a kobold demonologist
 11080 | D:7      | Killed an unseen horror
 11341 | D:7      | Found the +7 sceptre of Torment {pain, torment}
 11342 | D:7      | Identified the +5 scale mail "Imiciuts" {+Inv rC+ MP-9}
 11966 | D:7      | Found a snail-covered altar of Cheibriados.
 12891 | D:8      | Noticed Psyche
 12894 | D:8      | Killed Psyche
 13006 | D:8      | Noticed Harold
 13013 | D:8      | Killed Harold
 13014 | D:8      | Reached skill level 11 in Spellcasting
 13014 | D:8      | Reached XP level 11. HP: 63/84 MP: 0/0
 13014 | D:8      | Learned a level 4 spell: Leda's Liquefaction
 13441 | D:9      | Found a runed translucent gate.
 13442 | D:9      | Found a runed translucent gate.
 13443 | D:9      | Found a runed translucent gate.
 13557 | D:9      | Noticed a two-headed ogre
 13566 | D:9      | Killed a two-headed ogre
 13691 | D:9      | Noticed a four-headed hydra
 13696 | D:9      | Killed a four-headed hydra
 13799 | D:9      | Found a staircase to the Lair.
 13952 | D:9      | Found a white marble altar of Elyvilon.
 14371 | D:9      | Noticed Thantalas's ghost (novice MiBe)
 14371 | D:9      | Noticed emiel's ghost (journeyman DjWn)
 14372 | D:9      | Noticed polve's ghost (novice DrTm)
 14375 | D:9      | Identified a scroll of acquirement
 14375 | D:9      | Acquired a manual of Fighting
 14439 | D:10     | Entered Level 10 of the Dungeon
 14548 | D:10     | Found a runed translucent door.
 14644 | D:10     | Reached skill level 10 in Fighting
 14852 | D:10     | Found a broken altar of Ashenzari.
 14856 | D:10     | Noticed a two-headed ogre
 14861 | D:10     | Killed a two-headed ogre
 14862 | D:10     | Reached skill level 12 in Spellcasting
 14867 | D:10     | Reached XP level 12. HP: 75/92 MP: 0/0
 14947 | D:10     | Noticed Urug
 14952 | D:10     | Killed Urug
 15165 | D:10     | Noticed an eight-headed hydra
 15174 | D:10     | Killed an eight-headed hydra
 15251 | D:10     | Noticed Snorg
 15255 | D:10     | Killed Snorg
 15315 | D:10     | Noticed Thantalas's ghost (journeyman DsBe)
 15427 | D:11     | Found a staircase to the Orcish Mines.
 16772 | Lair:1   | Entered Level 1 of the Lair of Beasts
 17115 | Lair:1   | Reached skill level 13 in Spellcasting
 17257 | Lair:1   | Reached skill level 10 in Dodging
 17615 | Lair:2   | Reached XP level 13. HP: 91/102 MP: 0/0
 17615 | Lair:2   | Learned a level 5 spell: Irradiate
 19011 | Lair:3   | Found a hole to the Spider Nest.
 19546 | Lair:4   | Found a staircase to the Swamp.
 19725 | Lair:4   | Reached skill level 14 in Spellcasting
 20002 | Lair:4   | You are sucked into a shaft and drop 2 floors!
 20002 | Lair:6   | Entered Level 6 of the Lair of Beasts
 20175 | Lair:6   | HP: 1/104 [komodo dragon (15)]
 20176 | Lair:6   | Demolished by a komodo dragon

Illustrated notes

Levels and vault maps discovered:
D:1:      elethiomel_arrival_quiet, layout_basic,
          shapermc_ecumenical_altar_totnotflames
D:2:      layout_loops_cross, uniq_terence
D:3:      layout_basic, amcnicky_altar_gilded, kennysheep_boxes
D:4:      layout_cave_pods, lemuel_round_altar, nicolae_dithmenos_shadow_blocks,
          uniq_robin, uniq_pikel, uniq_sigmund, uniq_duvessa, uniq_blork_the_orc
D:5:      layout_loops_ring, serial_shops, nicolae_shop_stone
D:6:      layout_loops_ring, uniq_crazy_yiuf_cottage
D:7:      minmay_the_grid_four_pointed_star
          [minmay_the_grid_triangle_9x9_corruption,
          minmay_the_grid_triangle_9x9_descending_squares,
          minmay_the_grid_triangle_9x9_alien,
          minmay_the_grid_triangle_9x9_negative_grid,
          minmay_the_grid_prize_shrinking_boxes], layout_loops_ring,
          marbit_many_paths, chei_slow_surprise, minmay_temple_entry_mini_moons,
          grunt_decor_mini_mirrors
D:8:      layout_gridville, grunt_ministairs_5, disabler_island, uniq_psyche,
          uniq_harold
D:9:      layout_gridville, lemuel_doored_altar, minmay_lair_entry_grove,
          gammafunk_ghost_cemetery
D:10:     layout_gridville, grunt_temple_overflow_open,
          ebering_ghost_reflecting_pool, uniq_urug, uniq_snorg
D:11:     layout_basic, erik_orc_4
Lair:1:   layout_chaotic_city, grunt_forest_large_clearing_hut
Lair:2:   layout_cave_pods, cheibrodos_lair_lostbears
Lair:3:   layout_long_grid, spider_nest_entry_funnel_web, st_stairs_9,
          lemuel_fruit_tree
Lair:4:   layout_roguey [special_room_bee], minmay_swamp_entry_worms
Lair:5:   layout_cave_pods, minmay_slime_entry_pillars, wad_woods_road_04,
          grunt_megastairs_2, serial_bayou_shore_a
Lair:6:   evilmike_catoblepas_cave, layout_regular_city,
          infiniplex_staircase_pool_2, uniq_sonja

Skill      XL: |  1  2  3  4  5  6  7  8  9 10 11 12 13 |
---------------+----------------------------------------+-----
Spellcasting   | 3 4 5 7 8 9 11 12 13 14 | 14.3
Fighting       | 1 2 3 5 6 7 9 10 12 13 | 13.9
Dodging        | 4 7 8 10 11 | 11.4
Stealth        | |  1.5

Action                   |  1- 3 |  4- 6 |  7- 9 | 10-12 | 13-15 || total
-------------------------+-------+-------+-------+-------+-------++-------
Melee: Short sword       |       |       |       |     1 |       ||     1
 Cast: Shock             |    68 |   133 |    39 |     4 |       ||   244
       Airstrike         |       |     7 |    97 |   308 |   174 ||   586
       Lightning Bolt    |       |       |       |    32 |    19 ||    51
       Irradiate         |       |       |       |       |     1 ||     1
Evoke: Wand              |       |       |       |     1 |       ||     1
  Use: Potion            |       |       |       |     1 |       ||     1
       Scroll            |       |       |       |    21 |     2 ||    23
Armor: Robe              |     3 |     2 |     1 |    23 |    15 ||    44
Dodge: Dodged            |     4 |    29 |     7 |   173 |    61 ||   274

Table legend: (Time is in decaauts)
 A = Elapsed time spent in this place.
 B = Non-inter-level travel time spent in this place.
 C = Inter-level travel time spent in this place.
 D = Time resting spent in this place.
 E = Time spent auto-exploring this place.
 F = Levels seen in this place.
 G = Mean time per level.
                   A        B        C        D        E       F      G
               +--------+--------+--------+--------+--------+-----+--------+
         Total |  20198 |  19160 |   1038 |   1340 |  15898 |  17 | 1188.1 |
       Dungeon |  16791 |  15871 |    920 |   1268 |  13124 |  11 | 1526.5 |
          Lair |   3407 |   3289 |    118 |     72 |   2774 |   6 |  567.8 |
               +--------+--------+--------+--------+--------+-----+--------+

Top non-repeatable levels by time:
     D:3: 2870 daAuts
     D:7: 2063 daAuts
     D:4: 1792 daAuts
     D:6: 1572 daAuts
     D:2: 1497 daAuts
     D:8: 1398 daAuts
     D:9: 1320 daAuts
     D:1: 1262 daAuts
    D:11: 1125 daAuts
     D:5: 1099 daAuts
  Lair:2: 1057 daAuts
  Lair:3: 797 daAuts
    D:10: 789 daAuts
  Lair:1: 758 daAuts
  Lair:4: 617 daAuts
